Map: White Rabbit LE

Players

HoldTheDoor

  • Race: Protoss Protoss
  • League: Diamond
  • Spawn Location: 7:00

DamBatHai - Winner!

  • Race: Protoss Protoss
  • League: Diamond
  • Spawn Location: 1:00

VOD

Have the link to the VOD?

Description

Time

  • Played on: May 18, 2026, 1:17 p.m.
  • Length: 9:27
Show
View Real Time Build Order
Export as new Build Order

HoldTheDoor Protoss 

Build Orders:  

Get SALT Encoding   

  12  0:00  Probe  
  13  0:12  Probe  
  14  0:16  Pylon  
  14  0:24  Probe  
  15  0:33  Assimilator  
  15  0:36  Probe  
  15  0:41  Gateway  
  16  0:48  Probe  
  17  0:52  Assimilator  
  17  1:00  Probe  
  18  1:05  Forge  
  18  1:13  Probe  
  19  1:25  Probe  
  20  1:32  Cybernetics Core  
  20  1:38  Photon Cannon  
  20  1:42  Probe  
  21  1:54  Probe  
  22  2:00  Pylon  
  22  2:08  Stalker  
  22  2:19  Assimilator  
  24  2:33  Stalker  
  24  2:34  Probe  
  25  2:38  Pylon  
  25  2:42  Warp Gate  
  27  2:50  Pylon  
  27  3:11  Stalker  
  27  3:18  Probe  
  27  3:19  Pylon  
  30  3:27  Pylon  
  30  3:31  Shield Battery  
  29  3:35  Shield Battery  
  29  3:39  Stalker  
  32  3:48  Probe  
  32  3:49  Shield Battery  
  32  4:23  Robotics Facility  
  32  4:24  Stargate  
  32  4:26  Protoss Ground Weapons Level 1  
  32  4:29  Gateway  
  32  4:31  Pylon  
  32  4:32  Zealot  
  34  4:45  Twilight Council  
  34  5:02  Stalker  
  34  5:03  Immortal  
  36  5:08  Oracle  
  43  5:31  Charge  
  43  5:41  Stalker  
  43  5:42  Zealot  
  47  6:00  Immortal  
  51  6:05  Zealot  
  51  6:06  Zealot  
  55  6:13  Pylon  
  55  6:15  Pylon  
  55  6:31  Probe  
  56  6:49  Stalker  
  56  6:50  Stalker  
  60  6:58  Probe  
  60  7:00  Warp Prism  
  61  7:15  Zealot x2  
  67  7:21  Protoss Ground Armor Level 1  
  67  7:27  Gateway  
  67  7:30  Gateway  
  67  7:32  Gateway  
  67  7:37  Zealot x2  
  67  7:43  Pylon  
  71  7:54  Pylon  
  71  8:05  Zealot x2  
  75  8:19  Observer  
  76  8:23  Stalker  
  76  8:25  Stalker x2  
  82  8:28  Sentry  
  47  9:07  Zealot x4  
  43  9:23  Zealot  
Show
View Real Time Build Order
Export as new Build Order

DamBatHai Protoss - Winner!

Build Orders: Double Forge 

Get SALT Encoding   

  12  0:01  Probe  
  13  0:13  Probe  
  14  0:20  Pylon  
  14  0:27  Probe  
  15  0:32  Pylon  
  15  0:39  Probe  
  16  0:51  Gateway, Probe  
  17  1:02  Gateway  
  17  1:17  Forge  
  17  1:26  Pylon  
  17  1:31  Probe  
  18  1:39  Cybernetics Core  
  18  1:41  Assimilator  
  18  1:44  Assimilator  
  18  1:54  Probe  
  19  2:02  Probe  
  20  2:11  Probe  
  21  2:23  Nexus  
  21  2:26  Stalker  
  23  2:35  Warp Gate  
  23  2:37  Probe  
  23  2:43  Stalker  
  25  2:51  Probe  
  25  2:58  Pylon  
  26  3:05  Stalker  
  28  3:13  Stalker  
  28  3:19  Probe  
  31  3:40  Probe  
  31  3:41  Probe  
  33  3:43  Shield Battery  
  33  3:46  Twilight Council  
  33  3:49  Stalker  
  35  4:05  Probe x2  
  37  4:17  Probe  
  37  4:18  Pylon  
  37  4:20  Probe  
  39  4:24  Robotics Facility  
  39  4:27  Blink  
  39  4:29  Pylon, Probe  
  40  4:39  Probe  
  40  4:41  Probe  
  42  4:49  Forge  
  42  4:52  Probe  
  43  4:54  Probe  
  43  4:56  Sentry  
  46  5:05  Stalker  
  48  5:22  Observer  
  47  5:31  Stalker  
  47  5:32  Stalker  
  47  5:33  Probe x2  
  47  5:35  Immortal  
  53  5:36  Assimilator  
  53  5:38  Assimilator  
  57  5:45  Probe x2  
  57  5:48  Gateway  
  57  5:49  Gateway, Protoss Ground Weapons Level 1  
  59  6:01  Stalker  
  59  6:03  Probe x2  
  63  6:13  Stalker  
  63  6:15  Probe  
  63  6:18  Probe  
  67  6:24  Stalker  
  69  6:27  Probe  
  69  6:37  Pylon  
  67  6:40  Pylon  
  67  6:43  Immortal  
  63  6:51  Charge  
  63  6:52  Probe x2  
  64  7:03  Zealot  
  64  7:04  Zealot, Probe x2  
  70  7:10  Pylon  
  70  7:11  Photon Cannon  
  70  7:16  Probe x2  
  70  7:22  Observer  
  73  7:25  Zealot x2  
  73  7:28  Probe  
  78  7:30  Probe  
  78  7:36  Gateway  
  79  7:38  Gateway  
  79  7:40  Probe  
  80  7:48  Zealot  
  80  7:49  Zealot  
  83  8:05  Shield Battery  
  83  8:09  Pylon  
  83  8:10  Shield Battery  
  83  8:12  Photon Cannon  
  83  8:23  Stalker  
  85  8:27  Immortal  
  85  8:28  Pylon  
  85  8:30  Robotics Bay  
  61  9:04  Zealot x4  
Tags
 
Matchup
PvP
Replay Pack
SC2Mai2026
Spawn Locations
Cross Positions
Add a new tag
Caveats
  • Supply blocks, unpowered buildings, or Contaminate may cause inaccurate times.
  • Supply counts are checked every 10 seconds.